 Dungeon Sprint DCSS version 0.31-a0-986-g5e6e4ef867 (webtiles) character file.

Game seed: 17182513735425116280

109 fozzywoppz the Trooper (level 4, -2/39 HPs)
             Began as a Demonspawn Monk on Nov 9, 2023.
             Slain by an arcanist
             ... wielding a +0 dagger
              (8 damage)
             ... in the Dungeon (Sprint III: "The Ten Rune Challenge").
             The game lasted 00:02:02 (352 turns).

fozzywoppz the Trooper (Demonspawn Monk)             Turns: 352, Time: 00:02:03

Health: -2/39      AC: -8    Str: 11    XL:     4   Next: 60%
Magic:  4/4        EV: 14    Int: 14    God:
Gold:   39         SH:  0    Dex: 15    Spells: 3/3 levels left

rFire   . .          .
                       - Unarmed
rCold   . . .        c - orb {light}
rNeg    . . .        a - +0 robe
rPois   .            (no helmet)
rElec   .            (no cloak)
rCorr   .            (no gloves)
SInv    .            (no boots)
Will    .....        (no amulet)
Stlth   +            (no ring)
HPRegen 0.26/turn    (no ring)
MPRegen 0.09/turn

%: no teleportation
@: lethally poisoned (-2 -> -5), corroded, on berserk cooldown, glowing
A: icy blue scales 1, powered by death 1, demonic magic 1
a: no special abilities


You were in the Dungeon.
You visited 1 branch You collected 39 gold pieces.

Inventory:

Armour
 a - a +0 robe (worn)
 c - an orb of light (worn)
Scrolls
 i - a scroll of blinking
 l - a scroll of poison {unknown}
 m - a scroll of revelation {unknown}
 o - a scroll of torment {unknown}
Potions
 b - a potion of ambrosia
 d - 2 potions of curing
 f - a potion of haste
 g - 2 potions of magic
 k - 4 potions of mutation
 n - 2 potions of enlightenment


   Skills:
 + Level 5.5 Fighting
 - Level 5.0 Dodging
 + Level 4.2 Stealth
 + Level 5.0 Unarmed Combat


You had 3 spell levels left.
You didn't know any spells.
Your spell library was empty.

Dungeon Overview and Level Annotations

Branches:
Dungeon (1/1)

Altars:
Kikubaaqudgha
Sif Muna
Vehumet


Innate Abilities, Weirdness & Mutations

You are partially covered in icy blue scales. (AC +2)
You regenerate a little health from kills.
Spells you cast may paralyse adjacent enemies.


Message History

The arcanist closely misses you.
The crimson imp blinks!
You hit the arcanist.
The arcanist is lightly wounded.
You feel sick.
The kobold demonologist hits you with a +1 dagger of venom.
You are more poisoned.
The arcanist hits you with a +0 dagger.
The kobold demonologist casts a spell.
The arcanist mumbles some strange words.
The arcanist seems to speed up.
Okay, then.
You hit the arcanist.
The arcanist is moderately wounded.
You feel very sick.
The arcanist points at you and mumbles some strange words.
The bolt of cold misses you. The kobold demonologist misses you.
The rust devil hits you. The rust devil corrodes you!
The arcanist hits you with a +0 dagger.
You feel much better.
You feel very sick. The arcanist hits you with a +0 dagger.
The kobold demonologist begins to cast a cantrip, but forgets the words!
The rust devil hits you. The rust devil corrodes you!
The crimson imp barely misses you. The arcanist hits you with a +0 dagger!
The kobold demonologist misses you.
You closely miss the arcanist.
The arcanist is moderately wounded.
You feel sick. The arcanist hits you with a +0 dagger.
The rust devil misses you. The crimson imp barely misses you.
The arcanist hits you with a +0 dagger.
* * * LOW HITPOINT WARNING * * *
The kobold demonologist misses you. The rust devil hits you.
* * * LOW HITPOINT WARNING * * *
The rust devil corrodes you!
Unknown command.
You closely miss the arcanist.
The arcanist is moderately wounded.
You feel yourself speed up.
You feel sick. The arcanist hits you with a +0 dagger!
You die...

#..#....♣♣♣ ♣.#
####....♣.♣ ♣♣.#
...#....~.♣♣♣..###+#+###
...#...~~♣.♣♣♣.#........
...#..~~~~♣...!'.⌠......
##)#..~≈≈~~~...#...####
...#.~~≈~~~....#.⌠.#
...#.~≈~~~.....#54.#
...#.~~~.......#@###
####...........#Kp:#
..†............#55_#
▓▓▓▓▓▓▓▓▓▓▓▓▓▓▓▓▓▓▓▓


You could see a rust devil (summoned), an arcanist (fast), a kobold
demonologist, a crimson imp (summoned), a white imp (summoned) and an ufetubus
(summoned).

Vanquished Creatures
  A water elemental (D)
  Jessica (D)
  A human (D)
  A phantom (D)
  An endoplasm (D)
  2 rats (D)
7 creatures vanquished.

Notes
Turn   | Place    | Note
-------+----------+-------------------------------------------
     0 | D        | fozzywoppz the Demonspawn Monk began the quest for the Orb.
     0 | D        | Reached XP level 1. HP: 18/18 MP: 1/1
    13 | D        | Noticed Jessica
    19 | D        | Killed Jessica
    20 | D        | Gained mutation: You regenerate a little health from kills.
                  | [demonic ancestry]
    20 | D        | Reached XP level 2. HP: 9/25 MP: 2/2
    21 | D        | Gained mutation: Spells you cast may paralyse adjacent
                  | enemies. [demonic ancestry]
    21 | D        | Reached XP level 3. HP: 11/30 MP: 3/3
   316 | D        | Noticed a water elemental
   322 | D        | Killed a water elemental
   323 | D        | Reached skill level 5 in Fighting
   323 | D        | Reached skill level 5 in Dodging
   323 | D        | Reached skill level 5 in Unarmed Combat
   323 | D        | Gained mutation: You are partially covered in icy blue
                  | scales. (AC +2) [demonic ancestry]
   323 | D        | Reached XP level 4. HP: 39/39 MP: 4/4
   344 | D        | Found a radiant altar of Vehumet.
   345 | D        | Found a shimmering blue altar of Sif Muna.
   345 | D        | Found an ancient bone altar of Kikubaaqudgha.
   345 | D        | Noticed an arcanist
   349 | D        | Noticed a rust devil
   352 | D        | Slain by an arcanist

Illustrated notes

Levels and vault maps discovered:
D:        dungeon_sprint_mu [sprint_mu_entry_forest, sprint_mu_temple_rooms,
          sprint_mu_d1_horrors, sprint_mu_d2_genie, sprint_mu_d3_branching,
          sprint_mu_orc_legion, sprint_mu_elf_gauntlet, sprint_mu_hive_nellie,
          sprint_mu_lair_fedhas, sprint_mu_vaults_butterflies,
          sprint_mu_slime_circle, sprint_mu_swamp_cave, sprint_mu_snake_twists,
          sprint_mu_blade_basic, sprint_mu_crypt_chambers,
          sprint_mu_tomb_spiral, sprint_mu_vestibule_basic,
          sprint_mu_gehenna_hellfire, sprint_mu_dis_giant,
          sprint_mu_tartarus_statrot, sprint_mu_cocytus_islands, sprint_mu_zot1]

Skill      XL: |  1  2  3 |
---------------+----------+-----
Dodging        | 3 5 |  5.0
Unarmed Combat | 3 5 |  5.0
Fighting       | 4 5 |  5.5
Stealth        | 2 4 |  4.2

Action                     |  1- 3 |  4- 6 || total
---------------------------+-------+-------++-------
  Melee: Unarmed           |    51 |     6 ||    57
    Use: Scroll            |     2 |       ||     2
         Potion            |     1 |     1 ||     2
 Armour: Robe              |    19 |    12 ||    31
  Dodge: Dodged            |    24 |     9 ||    33

Table legend: (Time is in decaauts)
 A = Elapsed time spent in this place.
 B = Non-inter-level travel time spent in this place.
 C = Inter-level travel time spent in this place.
 D = Time resting spent in this place.
 E = Time spent auto-exploring this place.
 F = Levels seen in this place.
 G = Mean time per level.
                   A        B        C        D        E       F      G
               +--------+--------+--------+--------+--------+-----+--------+
         Total |    359 |    359 |      0 |    186 |      0 |   1 |  359.0 |
       Dungeon |    359 |    359 |      0 |    186 |      0 |   1 |  359.0 |
               +--------+--------+--------+--------+--------+-----+--------+

Top non-repeatable levels by time:
       D: 359 daAuts
